 Dungeon Crawl Stone Soup version 0.15.1-3-g1b33baa (webtiles) character file.

819 Johnny the Chiller (level 7, -6/57 HPs)
             Began as a Demigod Ice Elementalist on Oct 2, 2014.
             Killed from afar by Pikel (25 damage)
             ... with a wand of cold
             ... on Level 6 of the Dungeon.
             The game lasted 00:13:55 (4276 turns).

Johnny the Chiller (Demigod Ice Elementalist)       Turns: 4276, Time: 00:13:55

HP  -6/57        AC 11     Str 12      XL: 7   Next: 36%
MP   0/18        EV  9     Int 22      God:
Gold 269         SH  0     Dex 17      Spells:  4 memorised,  1 level left

rFire  . . .     SeeInvis .     r - +4 mace (protect)
rCold  . . .     Clarity  .     s - +0 ring mail
rNeg   . . .     rCorr    .     (no shield)
rPois  .         rRot     .     (no helmet)
rElec  .         Spirit   .     w - +0 cloak
SustAb .         Warding  .     (no gloves)
rMut   .         Stasis   .     (no boots)
Gourm  .                        e - cursed amulet of inaccuracy
MR     .....                    (no ring)
                                (no ring)

@: very slightly contaminated, not resistant to hostile enchantments, unstealthy
A: no striking features
a: no special abilities


You were on level 6 of the Dungeon.
You were near starving.

You visited 1 branch of the dungeon, and saw 6 of its levels.

You collected 269 gold pieces.

Inventory:

Hand weapons
 r - a +4 mace of protection (weapon)
 v - a +4 quarterstaff of chaos
Armour
 s - a +0 ring mail (worn)
 w - a +0 cloak (worn)
Magical devices
 y - a wand of random effects (18)
Comestibles
 c - 5 bread rations
 k - a beef jerky
 l - 2 meat rations
 o - 8 fruits
Scrolls
 a - 2 scrolls of teleportation {unknown}
 d - 2 scrolls of immolation {unknown}
 f - 6 scrolls of identify {unknown}
 h - a scroll of magic mapping {unknown}
 m - 2 scrolls of amnesia {unknown}
 q - a scroll of fear {unknown}
 u - a scroll of noise {unknown}
 C - a scroll of recharging {unknown}
Jewellery
 e - a cursed amulet of inaccuracy (around neck)
 z - an uncursed amulet of faith {unknown}
Potions
 g - a potion of resistance {unknown}
 i - a potion of haste
 j - a potion of curing
 n - a potion of poison {unknown}
 p - a potion of cure mutation {unknown}
 t - a potion of porridge
 x - a potion of restore abilities {unknown}
 A - a potion of might {unknown}
 E - a potion of confusion {unknown}
Books
 b - a book of Frost

   Spells                             Type                      Level
   *Freeze                            Ice                          1
   Throw Frost                        Conjuration/Ice              2
   Ozocubu's Armour                   Charms/Ice                   3
   *Throw Icicle                      Conjuration/Ice              4
   *Summon Ice Beast                  Ice/Summoning                4
   Condensation Shield                Ice                          4
 B - a Young Poisoner's Handbook

   Spells                             Type                      Level
   Sting                              Conjuration/Poison           1
   *Cure Poison                       Poison                       2
   Mephitic Cloud                     Conjuration/Poison/Air       3
   Olgreb's Toxic Radiance            Poison                       4
   Venom Bolt                         Conjuration/Poison           5
 F - a book of Cantrips

   Spells                             Type                      Level
   Corona                             Hexes                        1
   Animate Skeleton                   Necromancy                   1
   Summon Small Mammal                Summoning                    1
   Apportation                        Translocation                1


   Skills:
 * Level 3.1 Fighting
 + Level 1.5 Armour
 * Level 3.6 Dodging
 + Level 3.1 Stealth
 * Level 3.2 Spellcasting
 - Level 0.8 Conjurations
 * Level 2.3 Summonings
 * Level 4.3 Ice Magic
 + Level 0.6 Evocations


You had one spell level left.
You knew the following spells:

 Your Spells              Type           Power        Failure   Level  Hunger
a - Freeze                Ice            ###.         3%          1    None
b - Summon Ice Beast      Ice/Summ       ###.....     47%         4    ####...
c - Cure Poison           Pois           #.........   30%         2    ##.....
d - Throw Icicle          Conj/Ice       ###.....     73%         4    ####...


Dungeon Overview and Level Annotations

Branches:
Dungeon (6/15)             Temple (0/1) D:5

Annotations:
D:6 Pikel


Message History

Your ice beast hits Pikel but does no damage.
Your ice beast misses Pikel.
Unknown command.
You barely miss Pikel.
Pikel is severely wounded.
The giant cockroach misses you. The slave hits your ice beast.
Your ice beast dies!
Pikel closely misses you.
Your ice beast hits Pikel but does no damage.
The giant cockroach closely misses you.
The slave closely misses your ice beast.
You miss Pikel.
Pikel is severely wounded.
Pikel zaps a wand.
The bolt of cold hits you!
The giant cockroach bites you but does no damage.
Your ice beast hits Pikel but does no damage.
The slave hits your ice beast but does no damage.
The giant cockroach closely misses you.
Pikel zaps a wand.
The bolt of cold hits you!
You die...

#... ...(. #
.... #. ... #
#.# ### .. ..#
#...#.. .##....
#..#Y##........
#..ppK@....#.
####.##sP.....#
#.##g......
#YP........
#####.#.#..
..... #... ..


You could see Pikel, 2 slaves, an active ballistomycete, a giant cockroach, a
goblin and a friendly ice beast.

Vanquished Creatures
  Eustachio (D:4)
  Sigmund (D:3)
  A gnoll sergeant (D:5)
  2 scorpions (D:4)
  An orc priest (D:4)
  Crazy Yiuf (D:3)
  An orc wizard (D:4)
  A jelly (D:4)
  2 worker ants
  Terence (D:2)
  3 gnolls
  10 adders
  An inept feature mimic (D:3)
  2 giant mites
  A worm (D:2)
  3 giant geckos
  2 oozes
  8 orcs
  8 bats
  8 hobgoblins
  3 quokkas
  A ball python (D:1)
  10 giant cockroaches
  5 giant newts
  7 goblins
  9 jackals
  10 kobolds
  14 rats
117 creatures vanquished.

Vanquished Creatures (collateral kills)
  Blork the orc (D:6)
  3 gnolls (D:5)
4 creatures vanquished.

Vanquished Creatures (others)
  An ice beast (D:6)
  A giant spore (D:6)
  A ballistomycete (D:6)
3 creatures vanquished.

Grand Total: 124 creatures vanquished

Notes
Turn   | Place    | Note
--------------------------------------------------------------
     0 | D:1      | Johnny, the Demigod Ice Elementalist, began the quest for the Orb.
     0 | D:1      | Reached XP level 1. HP: 14/14 MP: 3/3
   184 | D:1      | Reached XP level 2. HP: 7/22 MP: 0/5
   803 | D:1      | Reached skill level 1 in Fighting
   951 | D:2      | HP: 1/23 [worm (5)]
   955 | D:2      | Reached XP level 3. HP: 1/28 MP: 1/8
  1049 | D:2      | Reached skill level 3 in Ice Magic
  1447 | D:2      | Noticed Terence
  1464 | D:2      | Killed Terence
  1869 | D:2      | Reached XP level 4. HP: 35/35 MP: 10/10
  2040 | D:3      | Learned a level 4 spell: Summon Ice Beast
  2311 | D:3      | Noticed Crazy Yiuf
  2318 | D:3      | Killed Crazy Yiuf
  2394 | D:3      | Reached XP level 5. HP: 23/41 MP: 9/12
  2471 | D:3      | Noticed Sigmund
  2489 | D:3      | Killed Sigmund
  2489 | D:3      | Reached skill level 1 in Armour
  2489 | D:3      | Reached skill level 1 in Summonings
  2730 | D:4      | Reached XP level 6. HP: 21/48 MP: 6/15
  3160 | D:4      | Reached skill level 4 in Ice Magic
  3202 | D:4      | Noticed Eustachio
  3214 | D:4      | Killed Eustachio
  3214 | D:4      | Reached XP level 7. HP: 53/56 MP: 9/18
  3304 | D:5      | Entered Level 5 of the Dungeon
  3615 | D:5      | Noticed an iron devil
  3814 | D:5      | Found a staircase to the Ecumenical Temple.
  4064 | D:5      | Noticed an angel
  4189 | D:5      | Learned a level 2 spell: Cure Poison
  4194 | D:5      | Learned a level 4 spell: Throw Icicle
  4255 | D:6      | Noticed Blork the orc
  4264 | D:6      | Noticed Pikel
  4268 | D:6      | Killed Blork the orc
  4276 | D:6      | Killed from afar by Pikel

Action                   |  1- 3 |  4- 6 |  7- 9 || total
-------------------------+-------+-------+-------++-------
Melee: Dagger            |    18 |       |       ||    18
       Short sword       |    45 |       |       ||    45
       Mace              |    17 |    80 |    20 ||   117
 Cast: Freeze            |    50 |    91 |    25 ||   166
       Summon Ice Beast  |       |       |     3 ||     3
Evoke: Wand              |       |       |     1 ||     1
  Use: Potion            |       |       |     2 ||     2
 Stab: Sleeping          |       |       |     3 ||     3
  Eat: Chunk             |     3 |     4 |     3 ||    10
       Fruit             |       |       |     1 ||     1
